 Dungeon Crawl Stone Soup version 0.20-a0-1063-gb8e8b7e (webtiles) character file.

134938 Patate the Imperceptible (level 16, 0/80 HPs)
             Began as a Spriggan Enchanter on Apr 23, 2017.
             Was the Champion of Okawaru.
             Slain by a manticore (14 damage)
             ... on level 12 of the Dungeon on Apr 28, 2017.
             The game lasted 02:39:03 (40509 turns).

Patate the Imperceptible (Spriggan Enchanter)      Turns: 40509, Time: 02:39:04

Health: 0/80       AC:  1    Str:  8    XL:     16   Next: 63%
Magic:  26/30      EV: 31    Int: 19    God:    Okawaru [******]
Gold:   778        SH:  0    Dex: 17    Spells: 26/34 levels left

rFire    + + +     SeeInvis +   Y - +6 dagger "Ecooj" {pierce, rF+ rN+}
rCold    + + .     Gourm    .   (shield restricted)
rNeg     + + +     Faith    .   X - +1 robe {rN+}
rPois    +         Spirit   .   x - -2 hat of the Alchemist {rElec rPois rF+ rC+ rN+ MR+ rMut rCorr}
rElec    +         Reflect  .   N - scarf {rC+}
rCorr    +         Harm     .   (gloves unavailable)
rMut     +                      (boots unavailable)
MR       +++..                  t - amulet of magic regeneration
Stlth    ++++++++..             R - ring of positive energy
Regen    0.3/turn               H - ring of protection from fire
MPRegen  0.4/turn

@: barbed spikes, very quick
A: unfitting armour, see invisible, herbivore 3, speed 3, slow metabolism 2
a: Heroism, Finesse, Renounce Religion


You were on level 12 of the Dungeon.
You worshipped Okawaru.
Okawaru was exalted by your worship.
You were not hungry.

You visited 6 branches of the dungeon, and saw 23 of its levels.

You collected 1858 gold pieces.
You spent 1080 gold pieces at shops.

Inventory:

Hand Weapons
 a - a +4 scimitar of holy wrath
 b - a +4 quick blade
 Y - the +6 dagger "Ecooj" (weapon) {pierce, rF+ rN+}
   (Okawaru gifted it to you on level 5 of the Lair of Beasts)

   It inflicts extra damage upon your enemies.
   It protects you from fire.
   It protects you from negative energy.
Armour
 m - a +2 cloak
 x - the -2 hat of the Alchemist (worn) {rElec rPois rF+ rC+ rN+ MR+ rMut rCorr}
   (Okawaru gifted it to you on level 2 of the Orcish Mines)

   It protects you from fire.
   It protects you from cold.
   It insulates you from electricity.
   It protects you from poison.
   It protects you from negative energy.
   It affects your resistance to hostile enchantments.
   It protects you from acid and corrosion.
   It protects you from mutation.
 N - a scarf of cold resistance (worn)
 X - a +1 robe of positive energy (worn)
Jewellery
 e - an uncursed amulet of guardian spirit
 t - an amulet of magic regeneration (around neck)
 y - an uncursed ring of wizardry
 H - a ring of protection from fire (right hand)
 M - a +3 amulet of reflection {unknown}
 R - a ring of positive energy (left hand)
Wands
 p - a wand of iceblast (0/15)
 B - a wand of scattershot (0/9)
 C - a wand of polymorph (3/24)
 G - a wand of flame (19/48)
 I - a wand of lightning (6/15)
 J - a wand of confusion (25/48)
 L - a wand of paralysis (18/24)
 O - a wand of disintegration (11/24)
 Q - a wand of confusion (24/48)
Scrolls
 f - 3 scrolls of magic mapping
 j - a scroll of enchant weapon
 n - 2 scrolls of amnesia
 q - 4 scrolls of identify
 s - 6 scrolls of remove curse
 u - 6 scrolls of teleportation
 A - a scroll of recharging
 D - 5 scrolls of enchant armour
 E - a scroll of blinking
 K - 3 scrolls of fog
Potions
 d - 7 potions of heal wounds
 g - 2 potions of curing
 h - 2 potions of mutation
 i - 3 potions of brilliance
 k - 3 potions of might
 l - a potion of invisibility
 r - 2 potions of lignification
 v - 2 potions of agility
 z - 2 potions of flight
Books
 c - a book of Maledictions

   Spells                             Type                      Level
   a - Corona                         Hexes                        1
   b - Ensorcelled Hibernation        Hexes/Ice                    2
   c - Confuse                        Hexes                        3
   d - Tukima's Dance                 Hexes                        3
   e - Dazzling Spray                 Conjuration/Hexes            3
 F - a book of Flames

   Spells                             Type                      Level
   a - Flame Tongue                   Conjuration/Fire             1
   b - Throw Flame                    Conjuration/Fire             2
   c - Conjure Flame                  Conjuration/Fire             3
   d - Inner Flame                    Hexes/Fire                   3
   e - Sticky Flame                   Conjuration/Fire             4
   f - Fireball                       Conjuration/Fire             5
 T - a book of Cantrips

   Spells                             Type                      Level
   a - Confusing Touch                Hexes                        1
   b - Animate Skeleton               Necromancy                   1
   c - Summon Small Mammal            Summoning                    1
   d - Apportation                    Translocation                1
 U - a book of Minor Magic

   Spells                             Type                      Level
   a - Magic Dart                     Conjuration                  1
   b - Blink                          Translocation                2
   c - Call Imp                       Summoning                    2
   d - Slow                           Hexes                        2
   e - Conjure Flame                  Conjuration/Fire             3
   f - Mephitic Cloud                 Conjuration/Poison/Air       3
Comestibles
 o - 7 bread rations
 w - 11 royal jellies


   Skills:
 * Level 7.6 Fighting
 - Level 12.4 Short Blades
 - Level 15.7 Dodging
 - Level 21.4 Stealth
 + Level 9.8 Spellcasting
 - Level 10.3 Hexes
 - Level 6.1 Invocations
 - Level 10.1 Evocations


You had 26 spell levels left.
You knew the following spells:

 Your Spells              Type           Power        Failure   Level  Hunger
a - Confusing Touch       Hex            #####.       1%          1    None
b - Ensorcelled Hibernat  Hex/Ice        ####..       1%          2    None
c - Confuse               Hex            #####...     1%          3    None
d - Blink                 Tloc           N/A          12%         2    None


Dungeon Overview and Level Annotations

Branches:
Dungeon (12/15)            Temple (1/1) D:6            Lair (6/6) D:9
  Swamp (1/4) Lair:4       Spider (1/4) Lair:3        Slime (0/5) Lair:6
    Orc (2/2) D:10            Elf (0/3) Orc:2

Altars:
Ashenzari
Cheibriados
Dithmenos
Elyvilon
Fedhas
Gozag
Hepliaklqana
Kikubaaqudgha
Makhleb
Nemelex Xobeh
Okawaru
Qazlal
Ru
Sif Muna
Trog
Uskayaw
Vehumet
Wu Jian
Xom
Yredelemnul
Zin
The Shining One
Jiyva

Shops:
D:5 =   D:9 ((*}   Orc:1 (!![=   Orc:2 [[*:

Annotations:
D:5 shop bijoux
Lair:5 exclusion: oklob plant


Innate Abilities, Weirdness & Mutations

You are very small and have problems with some larger weapons.
You are too small for most types of armour.
You have supernaturally acute eyesight. (SInv)
You are a herbivore.
You cover ground extremely quickly.
You need consume almost no food.


Message History

Press: ? - help, Shift-Dir - straight line, f - manticore
Aim: a manticore (chance to defeat MR: 39%)
The manticore easily resists.
The manticore bites you. The manticore claws you!
* * * LOW HITPOINT WARNING * * *
The manticore completely misses you.
Unknown command.
Casting: Ensorcelled Hibernation
Confirm with . or Enter, or press ? or * to list all spells.
Aiming: Confuse
Press: ? - help, Shift-Dir - straight line, f/p - manticore
Aim: a manticore (chance to defeat MR: 54%)
The manticore resists with significant effort.
The manticore bites you!
* * * LOW HITPOINT WARNING * * *
The manticore closely misses you. The manticore claws you.
* * * LOW HITPOINT WARNING * * *
You feel much better. The manticore bites you!
* * * LOW HITPOINT WARNING * * *
The manticore completely misses you. The manticore claws you!
You die...

....
#........####........
.....
...#....####.....#..
.....#
#...))..#.....#..
......###
##.†))..#.....#..
........##
#..)...####...#.
.K.....(.###)..####
#...#.
.z......(.().).#
....##
.z...#......(###
....# .... #....@..#
#...# .........H...#
#### ..............#
KK............#
.>.<...........
................
..#............
..####....###..


You could see a manticore.

Vanquished Creatures
  An emperor scorpion (Spider:1)
  Harold (Orc:1)
  2 hydras
  An alligator (Swamp:1)
  12 two-headed ogres
  2 ogre magi (Orc:2)
  A fire crab (Lair:5)
  An iron troll (Orc:2)
  Pikel (D:7)
  A deep troll (Orc:2)
  An orc knight (Orc:2)
  A deep elf mage (D:11)
  2 orc sorcerers (Orc:1)
  3 cyclopes
  13 elephants
  3 black mambas
  Joseph (D:7)
  A centaur skeleton (D:12)
  8 spiny frogs
  2 gargoyles
  2 rime drakes
  A demonic crawler (Lair:3)
  5 komodo dragons
  12 trolls
  A jumping spider (Lair:3)
  9 polar bears (Lair:6)
  4 raiju (Lair:6)
  A tyrant leech (Lair:4)
  Prince Ribbit (D:5)
  6 slime creatures
  12 blink frogs
  14 hippogriffs
  6 dream sheep
  Sigmund (D:4)
  3 wyverns
  2 basilisks
  74 yaks
  A steam dragon (D:11)
  3 hungry ghosts
  Menkaure (D:6)
  14 wargs
  6 swamp worms (Lair:4)
  8 water moccasins
  13 hell hounds (Lair:6)
  6 porcupines
  Duvessa (D:4)
  2 slaves (D:7)
  15 orc warriors
  A swamp drake (D:11)
  3 ice beasts
  11 black bears (Lair:6)
  A phantom (D:5)
  A sky beast (D:11)
  An eye of draining (D:10)
  33 ogres
  13 wolves (Lair:6)
  9 centaurs
  12 crocodiles
  3 big kobolds
  2 gnoll sergeants
  12 bullfrogs
  Dowan (D:4)
  4 scorpions
  A wyvern skeleton (D:11)
  9 killer bees
  8 wights
  10 howler monkeys
  An electric eel (Lair:4)
  A centaur zombie (D:11)
  7 crimson imps
  2 bullfrog zombies (D:5)
  A quasit (D:12)
  3 gnoll shamans
  14 hounds
  4 jellies
  22 orc priests
  A bullfrog skeleton (D:9)
  An iron imp (D:11)
  3 iguanas
  Natasha (thrice) (D:2)
  Terence (D:3)
  22 orc wizards
  5 worker ants
  2 hound zombies
  A hound skeleton (D:9)
  A howler monkey zombie (D:6)
  A howler monkey skeleton (D:5)
  18 gnolls
  8 adders
  10 oozes
  An adder skeleton (D:4)
  3 worms
  4 leopard geckos
  76 orcs
  A ball python (D:4)
  6 giant cockroaches
  13 goblins
  10 hobgoblins
  12 jackals
  11 kobolds
  2 quokkas
  8 bats
  5 frilled lizards
  A leopard gecko skeleton (D:4)
  10 rats
  A plant (D:8)
713 creatures vanquished.

Vanquished Creatures (others)
  A deep elf mage (D:11)
  A scorpion (D:7)
  A shadow imp (D:11)
  A white imp (D:11)
  An orc (D:11)
  20 fungi
  13 plants
38 creatures vanquished.

Grand Total: 751 creatures vanquished

Notes
Turn   | Place    | Note
-------+----------+-------------------------------------------
     0 | D:1      | Patate the Spriggan Enchanter began the quest for the Orb.
     0 | D:1      | Reached XP level 1. HP: 9/9 MP: 5/5
   244 | D:1      | Reached skill level 5 in Stealth
   251 | D:1      | Reached XP level 2. HP: 4/13 MP: 6/6
   277 | D:1      | Learned a level 2 spell: Ensorcelled Hibernation
   994 | D:1      | Reached skill level 6 in Stealth
  1460 | D:2      | Reached XP level 3. HP: 16/16 MP: 8/8
  1716 | D:2      | Found an iron altar of Okawaru.
  1746 | D:2      | Became a worshipper of Warmaster Okawaru
  1765 | D:2      | Noticed Natasha
  1801 | D:2      | Reached skill level 7 in Stealth
  1855 | D:2      | Killed Natasha
  1855 | D:2      | Reached XP level 4. HP: 14/21 MP: 1/9
  2113 | D:2      | Reached skill level 8 in Stealth
  2319 | D:2      | You fall through a shaft for 2 floors!
  2319 | D:4      | Noticed Duvessa
  2319 | D:4      | Noticed Dowan
  2321 | D:4      | Killed Duvessa
  2321 | D:4      | Reached * piety under Okawaru
  2321 | D:4      | Reached skill level 9 in Stealth
  2321 | D:4      | Reached XP level 5. HP: 24/24 MP: 10/10
  2335 | D:4      | Killed Dowan
  2335 | D:4      | Reached skill level 10 in Stealth
  2406 | D:4      | Reached XP level 6. HP: 28/28 MP: 11/11
  2544 | D:2      | Noticed Natasha
  2597 | D:2      | Killed Natasha
  2869 | D:2      | Noticed Natasha
  2876 | D:2      | Killed Natasha
  2899 | D:2      | Learned a level 3 spell: Confuse
  3760 | D:3      | Noticed Terence
  3767 | D:3      | Killed Terence
  4299 | D:3      | Found a basalt altar of Yredelemnul.
  4438 | D:4      | Reached ** piety under Okawaru
  4438 | D:4      | Reached XP level 7. HP: 32/32 MP: 9/14
  4848 | D:4      | Noticed Sigmund
  4855 | D:4      | Killed Sigmund
  4855 | D:4      | Reached skill level 5 in Short Blades
  4855 | D:4      | Reached skill level 5 in Spellcasting
  5293 | D:5      | Entered Level 5 of the Dungeon
  5298 | D:5      | Noticed a troll
  5774 | D:5      | Killed a troll
  5774 | D:5      | Reached *** piety under Okawaru
  5774 | D:5      | Reached XP level 8. HP: 26/36 MP: 4/18
  6065 | D:5      | Noticed Prince Ribbit
  6738 | D:5      | Found Rutipueg's Jewellery Emporium.
  7120 | D:5      | Found a deep blue altar of Sif Muna.
  7170 | D:5      | Killed Prince Ribbit
  7528 | D:6      | Found a shattered altar of Ashenzari.
  7557 | D:6      | Found a hide-covered altar of Uskayaw.
  8152 | D:6      | Reached **** piety under Okawaru
  8157 | D:6      | Reached XP level 9. HP: 39/39 MP: 3/21
  8677 | D:6      | Found a staircase to the Ecumenical Temple.
  8687 | Temple   | Entered the Ecumenical Temple
  9048 | D:6      | Reached skill level 5 in Dodging
  9252 | D:7      | Noticed Menkaure
  9272 | D:7      | Noticed Pikel
  9291 | D:6      | Killed Menkaure
  9721 | D:7      | Noticed Joseph
  9739 | D:7      | Killed Joseph
 10166 | D:7      | Killed Pikel
 10166 | D:7      | Reached ***** piety under Okawaru
 10166 | D:7      | Reached skill level 5 in Hexes
 10166 | D:7      | Reached XP level 10. HP: 44/44 MP: 19/24
 10417 | D:8      | Received a gift from Okawaru
 10763 | D:8      | Noticed a two-headed ogre
 11211 | D:8      | Killed a two-headed ogre
 11211 | D:8      | Reached skill level 10 in Dodging
 11658 | D:8      | Reached skill level 11 in Stealth
 11904 | D:8      | Noticed a two-headed ogre
 12503 | D:8      | Killed a two-headed ogre
 12503 | D:8      | Reached skill level 12 in Stealth
 13166 | D:8      | Noticed a moth of wrath
 13169 | D:8      | Found a bloodstained altar of Trog.
 13603 | D:9      | Found Pixzy's Gadget Emporium.
 13660 | D:9      | Found Piygiann's Antique Weapon Shoppe.
 13731 | D:9      | Found a stormy altar of Qazlal.
 13789 | D:9      | Found Modghu's Antique Weapon Boutique.
 13834 | D:9      | Reached skill level 13 in Stealth
 13953 | D:9      | Found Esealack's General Store.
 14023 | D:9      | Received a gift from Okawaru
 14120 | D:9      | Reached XP level 11. HP: 47/47 MP: 25/25
 14185 | D:9      | Found a staircase to the Lair.
 14532 | D:10     | Entered Level 10 of the Dungeon
 14663 | D:10     | Found a staircase to the Orcish Mines.
 14698 | D:10     | Reached skill level 14 in Stealth
 15401 | D:10     | Noticed a two-headed ogre
 15611 | Lair:1   | Entered Level 1 of the Lair of Beasts
 15613 | Lair:1   | Reached skill level 15 in Stealth
 15842 | Lair:1   | Reached skill level 10 in Hexes
 16171 | Lair:1   | Reached skill level 16 in Stealth
 16845 | Lair:2   | Reached ****** piety under Okawaru
 17257 | Lair:2   | Received a gift from Okawaru
 17261 | Lair:2   | Reached skill level 17 in Stealth
 17530 | Lair:2   | Noticed a five-headed hydra
 17825 | Lair:2   | Reached XP level 12. HP: 28/51 MP: 20/26
 17914 | Lair:2   | Killed a five-headed hydra
 18042 | Lair:2   | Reached skill level 10 in Short Blades
 18206 | Lair:2   | Reached skill level 18 in Stealth
 18789 | Lair:3   | Found a hole to the Spider Nest.
 19514 | Lair:4   | Reached skill level 19 in Stealth
 19576 | Lair:3   | Received a gift from Okawaru
 19667 | Lair:4   | Found a labyrinth entrance.
 20167 | Lair:4   | Upgraded the game from 0.20-a0-1040-gfd09691 to 0.20-a0-1043-gbd57889
 21027 | Lair:4   | Reached skill level 20 in Stealth
 21085 | Lair:4   | Found a staircase to the Swamp.
 21652 | Lair:5   | Found a dark tunnel.
 21838 | Lair:5   | Received a gift from Okawaru
 22073 | Lair:5   | Got an encrusted dagger {god gift}
 22090 | Lair:5   | Learned a level 1 spell: Confusing Touch
 22391 | Lair:5   | Reached XP level 13. HP: 55/55 MP: 27/27
 22629 | Lair:6   | Entered Level 6 of the Lair of Beasts
 22634 | Lair:6   | Identified the +6 dagger "Ecooj" {pierce, rF+ rN+} (Okawaru gifted it to you on level 5 of the Lair of Beasts)
 23296 | Lair:6   | Reached skill level 21 in Stealth
 24817 | Lair:5   | Reached skill level 1 in Fighting
 24924 | Lair:5   | Received a gift from Okawaru
 26206 | Lair:6   | Reached skill level 1 in Evocations
 26812 | Lair:6   | Reached skill level 5 in Evocations
 26883 | Lair:6   | Upgraded the game from 0.20-a0-1043-gbd57889 to 0.20-a0-1050-g57248f3
 28053 | Lair:6   | Upgraded the game from 0.20-a0-1050-g57248f3 to 0.20-a0-1061-gbbf974c
 28382 | Lair:6   | Found a staircase to the Slime Pits.
 28383 | Lair:6   | Found a viscous altar of Jiyva.
 28722 | Lair:6   | Reached skill level 10 in Evocations
 28969 | D:10     | Reached skill level 1 in Invocations
 28969 | D:10     | Reached XP level 14. HP: 26/65 MP: 5/28
 29374 | D:10     | Reached XP level 15. HP: 73/73 MP: 29/29
 29501 | Orc:1    | Entered Level 1 of the Orcish Mines
 29514 | Orc:1    | Found Vokh's Weapon Shoppe.
 29569 | Orc:1    | Found a radiant altar of Vehumet.
 29581 | Orc:1    | Received a gift from Okawaru
 29732 | Orc:1    | Found Reih's Antique Armour Shoppe.
 30007 | Orc:1    | Found Nahupev's Distillery.
 30253 | Orc:1    | Found Fiffoo's Jewellery Emporium.
 30266 | Orc:1    | Noticed Harold
 30703 | Orc:1    | Killed Harold
 30996 | Orc:1    | Bought a potion of invisibility for 120 gold pieces
 31150 | Orc:1    | Found Jeurchak's Distillery.
 31170 | Orc:1    | Bought a potion of heal wounds for 80 gold pieces
 31170 | Orc:1    | Bought a potion of experience for 800 gold pieces
 31170 | Orc:1    | Bought a potion of heal wounds for 80 gold pieces
 31170 | Orc:1    | Reached XP level 16. HP: 77/77 MP: 30/30
 31304 | Orc:2    | Entered Level 2 of the Orcish Mines
 31305 | Orc:2    | Found a burning altar of Makhleb.
 31789 | Orc:2    | Reached skill level 5 in Invocations
 31857 | Orc:2    | Found a staircase to the Elven Halls.
 31978 | Orc:2    | Found Linoh's Antique Armour Shoppe.
 31979 | Orc:2    | Found Poetoryutz's Armour Emporium.
 32489 | Orc:1    | Upgraded the game from 0.20-a0-1061-gbbf974c to 0.20-a0-1063-gb8e8b7e
 33496 | Orc:2    | Received a gift from Okawaru
 34237 | Orc:2    | Reached skill level 15 in Dodging
 34695 | Orc:2    | Found Ikuemapp's General Store.
 34707 | Orc:2    | Found Pooke's Book Shoppe.
 35596 | Orc:2    | Learned a level 2 spell: Blink
 36152 | Spider:1 | Entered Level 1 of the Spider Nest
 37323 | Swamp:1  | Entered Level 1 of the Swamp
 40052 | D:11     | Found a viscous altar of Jiyva.
 40508 | D:12     | HP: 3/80 [manticore (13)]
 40509 | D:12     | Slain by a manticore

Vault maps used:
D:1:      minmay_arrival_stair_chambers
D:2:      overflow_temple_1_default, uniq_natasha
D:3:      lemuel_upstairs_altar, overflow_temple_1_default, uniq_terence
D:4:      first_bread, hangedman_decor_opposing,
          hangedman_abyss_or_decor_stagger, kennysheep_generic_room_16,
          uniq_duvessa, uniq_sigmund
D:5:      lemuel_blue_sif_altar, serial_shops, nicolae_shop_statue_plus,
          uniq_prince_ribbit1
D:6:      ashenzari_conservatory_becter, lemuel_crystal_altar,
          minmay_temple_entry_junction_2
D:7:      uniq_menkaure, uniq_joseph, uniq_pikel
D:8:      kennysheep_housing_project, tgw_trog
D:9:      kennysheep_little_box, lair_entry_dummy, serial_shops, shop,
          shop_statue, nicolae_shop_crystal, kennysheep_mini
D:10:     minmay_orc_entry_guard_dogs
D:11:     hangedman_little_slice_of_home, hangedman_minor_magic
Temple:   eino_wide_crystal_templ
Lair:3:   spider_nest_entry_rubble
Lair:4:   nicolae_swamp_entry_splash_gauntlet, lab_entry_generic,
          lemuel_fruit_tree
Lair:5:   nicolae_volcano_entry_lava_flow
Lair:6:   hangedman_lair_caniforms_friends, slime_altar_1
Swamp:1:  serial_swamp_ruin, evilmike_swamp_ruin_house_6,
          evilmike_swamp_ruin_rubble_1, evilmike_swamp_ruin_house_4, swamp_pool1
Spider:1: special_room
Orc:1:    basic_altar, serial_shops, shop, shop, nicolae_shop_crystal,
          nicolae_shop_temple_entry_statues_fountains, nicolae_shop_trees,
          uniq_harold
Orc:2:    st_orc_open, basic_altar, mines_bat_river

Skill      XL: |  1  2  3  4  5  6  7  8  9 10 11 12 13 14 15 16 |
---------------+-------------------------------------------------+-----
Stealth        | 5 6 7 9 10 13 17 20 21 | 21.4
Short Blades   | 4 6 9 11 12 | 12.4
Spellcasting   | 4 6 7 9 |  9.8
Dodging        | 9 10 13 15 | 15.7
Hexes          | 5 8 10 | 10.3
Fighting       | 3 6 7 |  7.6
Evocations     | 10 | 10.1
Invocations    | 1 4 6 |  6.1

Action                   |  1- 3 |  4- 6 |  7- 9 | 10-12 | 13-15 | 16-18 || total
-------------------------+-------+-------+-------+-------+-------+-------++-------
Melee: Dagger            |   133 |   245 |   561 |   983 |   550 |   773 ||  3245
       Punch             |       |       |       |     1 |       |       ||     1
       Scimitar          |       |       |       |     5 |       |       ||     5
       Quick blade       |       |       |       |       |       |    84 ||    84
 Cast: Ensorcelled Hiber |     7 |    31 |   117 |   208 |   196 |   149 ||   708
       Confuse           |       |     1 |     8 |    59 |    66 |    53 ||   187
       Confusing Touch   |       |       |       |     1 |     1 |       ||     2
       Blink             |       |       |       |       |       |     6 ||     6
Invok: Heroism           |       |       |       |     1 |       |       ||     1
Evoke: Wand              |       |       |       |       |     5 |     8 ||    13
  Use: Potion            |     1 |     2 |       |       |     3 |    11 ||    17
       Scroll            |       |     2 |     8 |     8 |    11 |     2 ||    31
 Stab: Sleeping          |    16 |    19 |    47 |   121 |    91 |    79 ||   373
       Confused          |       |     1 |     3 |    37 |    31 |    20 ||    92
       Distracted        |       |       |     1 |     1 |     2 |     4 ||     8
  Eat: Bread ration      |       |     1 |     1 |       |       |       ||     2
       Fruit             |       |       |       |    11 |     7 |     4 ||    22
       Royal jelly       |       |       |       |       |       |     4 ||     4
Armor: Robe              |     9 |    19 |    61 |    39 |    11 |     5 ||   144
       Animal skin       |       |       |       |    13 |     9 |       ||    22
Dodge: Dodged            |    94 |   156 |   326 |   611 |   537 |   656 ||  2380
       Rpst.: Scimitar   |       |       |       |     3 |       |       ||     3
